 Dungeon Crawl Stone Soup version 0.21-a0-414-gba8bdf1 (webtiles) character file.

595 CanOfBees the Poker (level 7, -5/64 HPs)
             Began as a Minotaur Monk on Nov 2, 2017.
             Was a Believer of Wu Jian.
             Slain by an ice beast (8 damage)
             ... on level 4 of the Dungeon.
             The game lasted 00:07:38 (4082 turns).

CanOfBees the Poker (Minotaur Monk)                 Turns: 4082, Time: 00:07:39

Health: -5/64      AC:  5    Str: 16    XL:     7   Next: 17%
Magic:  6/6        EV: 18    Int:  7    God:    Wu Jian [**....]
Gold:   102        SH:  0    Dex: 14    Spells: 6/6 levels left

rFire    . . .     SeeInvis .   a - +0 spear
rCold    . . .     Gourm    .   (no shield)
rNeg     . . .     Faith    .   q - +0 ring mail
rPois    .         Spirit   .   (helmet restricted)
rElec    .         Reflect  .   (no cloak)
rCorr    .         Harm     .   (no gloves)
MR       .....                  (no boots)
Stlth    +.........             (no amulet)
HPRegen  0.20/turn              h - +5 ring of evasion
MPRegen  0.10/turn              (no ring)

@: no status effects
A: retaliatory headbutt, horns 2
a: Renounce Religion


You were on level 4 of the Dungeon.
You worshipped Wu Jian.
Wu Jian was pleased with you.
You were not hungry.

You visited 2 branches of the dungeon, and saw 5 of its levels.

You collected 102 gold pieces.

Inventory:

Hand Weapons
 a - a +0 spear (weapon)
 m - a cursed +3 short sword
Missiles
 d - 3 javelins
 f - 74 stones (quivered)
 u - 4 tomahawks
Armour
 q - a +0 ring mail (worn)
Jewellery
 h - a +5 ring of evasion (left hand)
Scrolls
 e - 2 scrolls of remove curse
 i - 2 scrolls of recharging {unknown}
 j - 2 scrolls of amnesia {unknown}
 k - 2 scrolls of identify {unknown}
 p - a scroll of enchant armour {unknown}
 r - a scroll of random uselessness {unknown}
 t - 3 scrolls of immolation {unknown}
Potions
 b - 2 potions of curing
 g - a potion of might {unknown}
 l - a potion of mutation {unknown}
 o - a potion of lignification {unknown}
 s - a potion of brilliance
 v - a potion of degeneration {unknown}
 w - a potion of flight {unknown}
 x - a potion of resistance
Comestibles
 c - 3 bread rations
 n - 3 meat rations


   Skills:
 * Level 6.8 Fighting
 * Level 6.9 Polearms
 + Level 0.4 Throwing
 + Level 4.9 Dodging
 - Level 1.5 Stealth


You had 6 spell levels left.
You didn't know any spells.

Dungeon Overview and Level Annotations

Branches:
Dungeon (4/15)             Temple (1/1) D:4

Altars:
Ashenzari
Cheibriados
Dithmenos
Elyvilon
Fedhas
Gozag
Hepliaklqana
Kikubaaqudgha
Makhleb
Nemelex Xobeh
Okawaru
Qazlal
Ru
Sif Muna
Trog
Uskayaw
Vehumet
Wu Jian
Xom
Yredelemnul
The Shining One

Annotations:
D:3 Theed's ghost, amateur DsGl
D:4 1 transporter


Innate Abilities, Weirdness & Mutations

You reflexively headbutt those who attack you in melee.
You have a pair of horns on your head.


Message History

The ice beast is almost dead.
The ice beast misses you. You furiously retaliate!
You headbutt the ice beast.
You kill the ice beast!
The Council accepts your kill.
You have reached level 7!
Really walk into a travel-excluded area?
An ice beast comes into view.
You are engulfed in freezing vapours.
There is an open gate here.
You are engulfed in freezing vapours.
You are engulfed in freezing vapours.
* * * LOW HITPOINT WARNING * * *
You spin and attack the ice beast.
Your ring mail prevents you from hitting the ice beast.
You headbutt the ice beast!
The ice beast is moderately wounded.
The ice beast hits you.
* * * LOW HITPOINT WARNING * * *
The ice beast freezes you!
You die...

.......## #####.##
....#.# ....#.# #######
#####.########§§§§§#
......#.§§§§§#§§§§§##
.######§§§§§§#§§.§§###..
.###..#§.#.#.§§§.$$#....
.##..©#§§©...§§§@?©#©..#
......#§§#.#.§§Y.$$#...#
#.##..#§.§§§§#§§.§§#...#
#..####§§§§§§#.§§§§#....
##.# ########§§§§§# .##
.. ####### # ..# ...
...#


You could see an ice beast.

Vanquished Creatures
  Eustachio (D:4)
  An ice beast (D:4)
  4 wights
  2 orc wizards (D:3)
  Natasha (thrice) (D:3)
  5 adders
  An ooze (D:3)
  An adder skeleton (D:4)
  3 worms (D:2)
  2 dart slugs
  A leopard gecko (D:1)
  7 orcs
  3 giant cockroaches
  8 hobgoblins
  2 quokkas
  2 bats
  7 frilled lizards
  7 goblins
  6 kobolds
  7 rats
73 creatures vanquished.

Vanquished Creatures (others)
  A frilled lizard (D:4)
1 creature vanquished.

Grand Total: 74 creatures vanquished

Notes
Turn   | Place    | Note
-------+----------+-------------------------------------------
     0 | D:1      | CanOfBees the Minotaur Monk began the quest for the Orb.
     0 | D:1      | Reached XP level 1. HP: 19/19 MP: 0/0
   165 | D:1      | Reached XP level 2. HP: 26/27 MP: 1/1
   552 | D:2      | Noticed a wight
   598 | D:2      | Noticed a wight
   622 | D:2      | Killed a wight
   622 | D:2      | Reached XP level 3. HP: 8/34 MP: 2/2
   997 | D:1      | Reached skill level 5 in Fighting
   997 | D:1      | Reached skill level 5 in Polearms
   997 | D:1      | Reached XP level 4. HP: 37/42 MP: 3/3
  1018 | D:2      | Reached XP level 5. HP: 14/48 MP: 4/4
  1297 | D:2      | Found a shimmering altar of Xom.
  1745 | D:2      | Found a sparkling altar of Nemelex Xobeh.
  1750 | D:2      | Found a stormy altar of Qazlal.
  1751 | D:2      | Found a hazy altar of Hepliaklqana.
  2289 | D:3      | Noticed Theed's ghost (amateur DsGl)
  2706 | D:3      | Reached XP level 6. HP: 54/57 MP: 5/5
  2824 | D:3      | Noticed Natasha
  2839 | D:3      | Killed Natasha
  2927 | D:3      | Noticed Natasha
  2946 | D:3      | Killed Natasha
  3260 | D:3      | Noticed Natasha
  3267 | D:3      | Killed Natasha
  3698 | D:4      | Found an iron altar of Okawaru.
  3698 | D:4      | Found a glowing golden altar of the Shining One.
  3735 | D:4      | Noticed Eustachio
  3798 | D:4      | Killed Eustachio
  3927 | D:4      | Found a staircase to the Ecumenical Temple.
  3956 | Temple   | Entered the Ecumenical Temple
  3996 | Temple   | Became a worshipper of the Wu Jian Council
  3996 | Temple   | Reached * piety under Wu Jian
  3996 | Temple   | Reached ** piety under Wu Jian
  4049 | D:4      | Found a transporter.
  4060 | D:4      | Found a transporter.
  4060 | D:4      | Noticed an ice beast
  4073 | D:4      | Killed an ice beast
  4073 | D:4      | Reached XP level 7. HP: 64/64 MP: 6/6
  4082 | D:4      | HP: 3/64 [ice beast (1)]
  4082 | D:4      | Slain by an ice beast

Vault maps used:
D:1:      dpeg_arrival_three_smaller_balls
D:2:      xom_teletrap_fun, grunt_temple_overflow_open
D:3:      uniq_natasha
D:4:      gammafunk_cloud_chamber, gammafunk_temple_overflow_wave,
          minmay_temple_entry_statues, first_bread, uniq_eustachio
Temple:   nicolae_temple_elliptical

Skill      XL: |  1  2  3  4  5  6 |
---------------+-------------------+-----
Fighting       | 4 5 6 |  6.8
Polearms       | 4 5 6 |  6.9
Dodging        | 4 |  4.9
Throwing       | |  0.4
Stealth        | |  1.5

Action                   |  1- 3 |  4- 6 |  7- 9 || total
-------------------------+-------+-------+-------++-------
Melee: Spear             |    56 |   250 |     1 ||   307
       Headbutt          |     7 |    32 |     1 ||    40
Throw: Stone             |     2 |     5 |       ||     7
  Use: Potion            |       |     2 |       ||     2
       Scroll            |       |     1 |       ||     1
 Stab: Sleeping          |     2 |     2 |       ||     4
  Eat: Chunk             |       |    10 |       ||    10
Armor: Robe              |     7 |     4 |       ||    11
       Ring mail         |       |    26 |       ||    26
Dodge: Dodged            |    20 |   169 |       ||   189

Table legend:
 A = Spawn XP
 B = Non-spawn XP
 C = Spawn XP percentage of total XP
 D = Spawn monster count
 E = Non-spawn monster count
 F = Spawn count percentage of total count
 G = Total turns spent on level
                    A         B        C        D         E        F      G
               +---------+---------+-------+---------+---------+-------+---------
         Total |       0 |     851 |   0.0 |       0 |      73 |   0.0 |  4082
               +---------+---------+-------+---------+---------+-------+---------
           D:1 |       0 |      81 |   0.0 |       0 |      18 |   0.0 |   601
           D:2 |       0 |     256 |   0.0 |       0 |      26 |   0.0 |  2020
           D:3 |       0 |     264 |   0.0 |       0 |      25 |   0.0 |  1053
           D:4 |       0 |     250 |   0.0 |       0 |       4 |   0.0 |   331
               +---------+---------+-------+---------+---------+-------+---------
